[Event "Chhattisgarh Masters GM 2022"]
[Site "Chhattisgarh"]
[Date "2022.09.21"]
[Round "3.4"]
[White "Mohammad Nubairshah Shaikh"]
[Black "Sharma, Dinesh K."]
[Result "1-0"]
[ECO "A11"]
[WhiteElo "2461"]
[BlackElo "2252"]
[Annotator "TA"]
[PlyCount "57"]
[EventDate "2022.09.19"]
[EventCountry "IND"]
[SourceTitle "playchess.com"]
[Source "ChessBase"]
[SourceQuality "1"]
[TimeControl "5400+30"]

1. Nf3 d5 2. g3 c6 3. Bg2 Bf5 4. O-O Nf6 5. c4 e6 6. d3 h6 7. cxd5 exd5 8. Nd4 {[%emt 0:00:07] 8.Qb3 is setting a new trend. A11: English Opening: 1...c6.} Bh7 9. e4 Bc5 10. Nb3 {[%emt 0:00:40] The position is equal.} Be7 11. Nc3 O-O 12. Be3 (12. e5 $5 ) 12... Na6 {[%emt 0:05:04] [#]} 13. Rc1 $146 ({Predecessor:} 13. exd5 Nxd5 14. Nxd5 cxd5 15. Qg4 Bg6 16. a3 Bf6 17. d4 Re8 18. Rac1 Be4 19. Bxh6 {½-½ (32) Kozhuharov,S (2433)-Grachev,B (2610) Plovdiv 2008}) 13... dxe4 (13... Re8 $14 {is more appropriate.}) 14. dxe4 $16 Qxd1 15. Rfxd1 Bd8 16. f3 {[%emt 0:06:10] White is much more active. The black rooks are badly placed.} Re8 17. Na4 Bc7 18. Bf1 {[%emt 0:02:23] Threatens to win with Bxa6.} Nb8 19. Bd4 $36 {[%emt 0:01:37][%mdl 2048] White is on the roll.} Nfd7 20. Kf2 b6 21. Bh3 Nf8 22. Be3 Ne6 23. Nd4 Nxd4 24. Bxd4 Bd8 (24... f6 $16 25. Be3 Bg6) 25. Be3 Bf6 26. Rd2 Rd8 $2 {[%mdl 8192] [#]} (26... g5 $16 {is a better chance.} 27. a3 Bg6) 27. Rxd8+ $18 Bxd8 28. Bc8 {[%emt 0:00:01] Inhibits Na6.} a5 29. Rd1 {[%emt 0:00:15] Weighted Error Value: White=0.05 (flawless) /Black=0.41} 1-0

[Event "Chhattisgarh Masters GM 2022"]
[Site "Chhattisgarh"]
[Date "2022.09.21"]
[Round "3.4"]
[White "Gusain, Himal"]
[Black "Aronyak Ghosh"]
[Result "1/2-1/2"]
[ECO "D12"]
[WhiteElo "2359"]
[BlackElo "2519"]
[Annotator "TA"]
[PlyCount "33"]
[EventDate "2022.09.19"]
[EventCountry "IND"]
[SourceTitle "playchess.com"]
[Source "ChessBase"]
[SourceQuality "1"]
[TimeControl "5400+30"]

1. c4 c6 2. Nf3 d5 3. e3 Nf6 4. d4 Bf5 5. Bd3 e6 6. O-O {[%emt 0:00:45] D12: Slav Defence: 3 Nf3 Nf6 4 e3 Bf5.} Nbd7 7. b3 Bd6 8. Bxf5 exf5 9. Ba3 Bxa3 10. Nxa3 Qe7 11. Qc1 O-O {[%emt 0:00:46] [#]} 12. Qb2 $146 ({Predecessor:} 12. cxd5 cxd5 13. Qb2 Rac8 14. Rac1 a6 15. Rxc8 Rxc8 16. Rc1 Qf8 17. Nc2 h6 18. Nce1 {½-½ (44) Sejdini,V (1788)-Mueller,D (1796) Nordrheinwestfalen 2017}) 12... a5 13. Nc2 Ne4 14. Na3 Nef6 {[%emt 0:00:03] The position is equal.} 15. Nc2 Ne4 16. Na3 Nef6 17. Nc2 {[%emt 0:00:30] Not much happened in this game.  Weighted Error Value: White=0.12 (very precise) /Black=0.06 (flawless)} 1/2-1/2

[Event "Chhattisgarh Masters GM 2022"]
[Site "Chhattisgarh"]
[Date "2022.09.21"]
[Round "3.4"]
[White "Jaiswal, Rupesh"]
[Black "Srinath, Rao S.V."]
[Result "0-1"]
[ECO "C06"]
[WhiteElo "2107"]
[BlackElo "2317"]
[Annotator "TA"]
[PlyCount "64"]
[EventDate "2022.09.19"]
[EventCountry "IND"]
[SourceTitle "playchess.com"]
[Source "ChessBase"]
[SourceQuality "1"]
[TimeControl "5400+30"]

1. e4 e6 2. d4 d5 3. Nd2 Be7 4. Ngf3 Nf6 5. e5 Nfd7 6. Bd3 c5 7. c3 Nc6 8. Qe2 {[%emt 0:06:12] C06: French Tarrasch: 3...Nf6 4 e5 Nfd7 5 Bd3 main lines.} Qb6 9. dxc5 Qc7 {[%emt 0:00:50][%cal Rc6e5] [#]} 10. O-O $146 {[%emt 0:04:48] Black is slightly better.} ({Predecessor:} 10. Bb5 O-O 11. Bxc6 bxc6 12. b4 a5 13. Nb3 Ba6 14. Qe3 axb4 15. cxb4 f6 16. Nbd4 fxe5 17. Nxe6 {0-1 (34) Romero Barreto,J (2355)-Saldano Dayer,H (2413) Villa Martelli 2021}) 10... Ndxe5 11. Nxe5 Nxe5 12. Bb5+ Bd7 13. Bxd7+ Nxd7 14. b4 O-O 15. c4 Bf6 16. Rb1 b6 $36 {[%emt 0:02:51][%mdl 2048] Black is pushing.} 17. cxd5 exd5 18. Nb3 bxc5 19. bxc5 Nxc5 20. Ba3 Nxb3 {[%emt 0:02:58] Black is more active.} 21. Bxf8 $2 {[%emt 0:04:42] Now White is beyond hope.} (21. axb3 $17 Rfe8 22. Qd3) 21... Nd4 $19 {[%emt 0:00:18][%mdl 64] [#] Zwischenzug} 22. Qh5 Rxf8 23. Qxd5 Ne2+ 24. Kh1 Nc3 25. Qb7 Qa5 26. Rb2 Nxa2 27. Rb5 Qa4 28. Rc5 Nc3 29. Qc7 Ne4 30. Rc4 Qb5 31. Rcc1 (31. Qc6 {was the only chance.} Qxc6 32. Rxc6) 31... a5 32. f3 {[%emt 0:01:52] [#]} Nc3 $1 {[%emt 0:02:41] Weighted Error Value: White=0.33/Black=0.10 (very precise)} 0-1

[Event "Chhattisgarh Masters GM 2022"]
[Site "Chhattisgarh"]
[Date "2022.09.21"]
[Round "3.4"]
[White "Kumar, Gaurav"]
[Black "Omidi, Arya"]
[Result "0-1"]
[ECO "C06"]
[WhiteElo "2073"]
[BlackElo "2309"]
[Annotator "TA"]
[PlyCount "65"]
[EventDate "2022.09.19"]
[EventCountry "IND"]
[SourceTitle "playchess.com"]
[Source "ChessBase"]
[SourceQuality "1"]
[TimeControl "5400+30"]

1. e4 e6 2. d4 d5 3. Nd2 Be7 4. Ngf3 Nf6 5. e5 Nfd7 6. Bd3 c5 7. c3 Nc6 8. Qe2 {[%emt 0:06:12] C06: French Tarrasch: 3...Nf6 4 e5 Nfd7 5 Bd3 main lines.} Qb6 9. dxc5 Qc7 {[%emt 0:00:50][%cal Rd7e5] [#]} 10. O-O $146 {[%emt 0:04:48] Black is slightly better.} ({Predecessor:} 10. Bb5 O-O 11. Bxc6 bxc6 12. b4 a5 13. Nb3 Ba6 14. Qe3 axb4 15. cxb4 f6 16. Nbd4 fxe5 17. Nxe6 {0-1 (34) Romero Barreto,J (2355)-Saldano Dayer,H (2413) Villa Martelli 2021}) 10... Ndxe5 11. Nxe5 Nxe5 12. Bb5+ Bd7 13. Bxd7+ Nxd7 14. b4 O-O 15. c4 Bf6 16. Rb1 b6 $36 {[%emt 0:02:51][%mdl 2048] Black is more active.} 17. cxd5 exd5 18. Nb3 bxc5 19. bxc5 Nxc5 20. Ba3 Nxb3 21. Bxf8 {[%emt 0:04:42] White does not recover from this.} (21. axb3 $17 Rfc8 22. Bb2) 21... Nd4 $19 {[%emt 0:00:18][%mdl 64] [#] Zwischenzug} 22. Qh5 Rxf8 23. Qxd5 Ne2+ 24. Kh1 Nc3 25. Qb7 Qa5 26. Rb2 Nxa2 27. Rb5 Qa4 28. Rc5 Nc3 29. Qc7 (29. Qc6 $142 Qd4 30. g3) 29... Ne4 30. Rc4 Qb5 31. Rcc1 (31. Qc6 {only move.} Qxc6 32. Rxc6) 31... a5 32. f3 {[%emt 0:01:52] [#]} Nc3 33. Rg1 {[%emt 0:15:36] Weighted Error Value: White=0.45/Black=0.12 (very precise)} (33. Rf2 Be5) 0-1

[Event "Chhattisgarh Masters GM 2022"]
[Site "Chhattisgarh"]
[Date "2022.09.21"]
[Round "3.5"]
[White "Koustav Chatterjee"]
[Black "Panesar Vedant"]
[Result "1/2-1/2"]
[ECO "C50"]
[WhiteElo "2513"]
[BlackElo "2336"]
[Annotator "TA"]
[PlyCount "62"]
[EventDate "2022.09.19"]
[EventCountry "IND"]
[SourceTitle "playchess.com"]
[Source "ChessBase"]
[SourceQuality "1"]
[TimeControl "5400+30"]

1. e4 e5 2. Bc4 Nf6 3. d3 Nc6 4. Nf3 Bc5 5. O-O a6 6. a4 {[%emt 0:01:00] C50: Hungarian Defence and Giuoco Pianissimo.} Ba7 7. c3 d6 8. Re1 {[%emt 0:00:24] White has an edge.} O-O 9. h3 Ne7 10. d4 Ng6 11. Nbd2 c6 {[%emt 0:02:44] 11...c6 has lost popularity.} 12. Bb3 exd4 13. Nxd4 Re8 14. Bc2 d5 15. exd5 Rxe1+ 16. Qxe1 {[%emt 0:00:05] [#]} Bxd4 $146 ({Predecessor:} 16... Nxd5 17. N2f3 Bd7 18. Bg5 Qf8 19. Qd2 Qd6 20. Re1 h6 21. Be3 Nxe3 22. Qxe3 Re8 {0-1 (73) Arjun,K (2477)-Visakh,N (2516) Chess.com INT 2020}) 17. cxd4 Qxd5 18. Qe3 Bf5 19. Bb3 Qd7 {[%emt 0:01:22] Hoping for ...Re8.} 20. Nf3 (20. Nc4 {is more complex.} Re8 21. Ne5 Qc7 22. Bd2) 20... Nd5 21. Qg5 Re8 22. Qg3 Qd8 23. a5 Nf6 24. Be3 (24. Ng5 $11 Nd5 25. Nf3) 24... Ne4 25. Qh2 Be6 26. Bc2 Bd5 27. Ne5 Qe7 {[%emt 0:02:53] The position is equal.} 28. Bxe4 Bxe4 29. Nxg6 hxg6 30. Bd2 {[%emt 0:00:35] Against Qb4} Bd5 31. Qf4 Qe4 {[%emt 0:01:41] Weighted Error Value: White=0.08 (flawless) /Black=0.07 (flawless)} 1/2-1/2

[Event "Chhattisgarh Masters GM 2022"]
[Site "Chhattisgarh"]
[Date "2022.09.21"]
[Round "3.5"]
[White "Neelash Saha"]
[Black "Mahalakshmi D M"]
[Result "1-0"]
[ECO "D95"]
[WhiteElo "2454"]
[BlackElo "1145"]
[Annotator "TA"]
[PlyCount "97"]
[EventDate "2022.09.19"]
[EventCountry "IND"]
[SourceTitle "playchess.com"]
[Source "ChessBase"]
[SourceQuality "1"]
[TimeControl "5400+30"]

1. Nf3 Nf6 2. e3 d5 3. c4 c6 4. d4 g6 5. Nc3 Bg7 6. Qb3 O-O 7. Be2 Qb6 {[%emt 0:06:39] D95: Grünfeld: 4 Nf3 Bg7 5 e3 0-0 6 Qb3.} 8. Qa3 Re8 9. Bd2 Bg4 {[%emt 0:03:50] [#] The position is equal.} 10. h3 $146 ({Predecessor:} 10. cxd5 cxd5 11. h3 Bxf3 12. Bxf3 e6 13. Na4 Qc7 14. O-O Nc6 15. Rfc1 Rec8 16. Rc2 {1-0 (78) Iturrizaga Bonelli,E (2625)-Oliva Castaneda,K (2488) Linares 2015}) 10... Bxf3 11. Bxf3 dxc4 12. Be2 Nbd7 13. f4 {[%emt 0:06:35] Inhibits e5.} (13. Bxc4 $15 e5 14. d5) 13... c5 $17 14. d5 e6 15. dxe6 Qxe6 16. Bf3 Rad8 ({Better is} 16... Rab8 $1 $19 {And now ...b5 would win.} 17. Qxa7 Qe7) 17. Rd1 $15 Nb6 18. O-O $1 Nfd5 ({But not} 18... Rxd2 19. Rxd2 Qxe3+ 20. Rdf2 $14) 19. Nxd5 Nxd5 20. e4 Nb6 (20... Bd4+ $15 21. Kh2 Ne7) 21. e5 $14 f6 ({Black should play} 21... g5 $14) 22. Qxa7 $18 fxe5 (22... Ra8 {is a better defense.} 23. Qxb7 Rab8) 23. Ba5 $1 Nc8 24. Qxb7 Rxd1 25. Rxd1 ({Inferior is} 25. Bxd1 Nd6 26. Qc6 e4 $11) 25... Ne7 26. Bc3 {[%emt 0:02:45] This bishop pair is nice.} Qf5 27. Rd7 Bf6 28. fxe5 Bxe5 29. Bxe5 $40 {[%emt 0:05:40][%mdl 128] White attacks with force.} ({Not} 29. Rxe7 Qb1+ 30. Kf2 Qc2+ 31. Kg1 Qb1+ 32. Kf2 Qc2+ 33. Kg1 Qb1+ $11) 29... Qxe5 30. Qe4 {[%emt 0:00:26] Inhibits Qe1+.} Qxe4 31. Bxe4 $16 {[%emt 0:00:05][%mdl 4096] Endgame KRB-KRN} Kf8 {[%emt 0:00:38] [#]} (31... Kg7 $16 {keeps fighting.} 32. a4 Kf6) 32. a4 $1 $18 {[%emt 0:00:22] Strongly threatening a5.} Rb8 $2 (32... Ng8 {is a better chance.}) 33. Rb7 (33. a5 $142) 33... Rxb7 34. Bxb7 {[%emt 0:00:05] a5 is the strong threat. KB-KN} Ke8 {[%emt 0:00:15] [#]} 35. Ba6 (35. Kf2 $1 $18) 35... Kd8 $2 (35... c3 $16 {is tougher.} 36. bxc3 Kd8) 36. Bxc4 {[%emt 0:00:06] White is clearly winning.} Kc7 37. Kf2 Kb6 38. Ke3 Ka5 39. b3 Kb4 40. Ke4 Nf5 41. Kd5 {[%emt 0:00:00] Black must now prevent Kc6.} Ne7+ 42. Kd6 Nf5+ 43. Kc6 Ne7+ 44. Kb6 Nc8+ 45. Kc7 Ne7 46. g4 g5 47. Bf7 c4 48. bxc4 Kxa4 49. Kd7 {[%emt 0:00:00] Quite a comeback for White.  Weighted Error Value: White=0.24 (precise) /Black=0.65} 1-0

[Event "Chhattisgarh Masters GM 2022"]
[Site "Chhattisgarh"]
[Date "2022.09.21"]
[Round "3.5"]
[White "Vrashank Chouhan"]
[Black "Chakravarthi Reddy, M."]
[Result "0-1"]
[ECO "E91"]
[WhiteElo "2056"]
[BlackElo "2306"]
[Annotator "TA"]
[PlyCount "82"]
[EventDate "2022.09.19"]
[EventCountry "IND"]
[SourceTitle "playchess.com"]
[Source "ChessBase"]
[SourceQuality "1"]
[TimeControl "5400+30"]

1. d4 Nf6 2. c4 g6 3. Nc3 Bg7 4. e4 d6 5. Be2 O-O 6. Be3 Na6 7. Nf3 c5 {[%emt 0:00:18] E91: King's Indian: Classical: 6 Be2, unusual replies including 6...c5 and 6...Bg4.} 8. d5 (8. O-O {feels hotter.} Ng4 9. Bg5 cxd4 10. Nxd4 Nc5 11. Rb1) 8... e6 9. O-O exd5 {[%emt 0:00:03] White is slightly better.} 10. cxd5 Re8 11. Nd2 Nc7 12. a4 {[%emt 0:00:44] Prevents b5.} a6 13. h3 (13. Bf4 $16) 13... Rb8 $11 14. a5 Bd7 15. Bf4 Bb5 16. Re1 Bxe2 17. Rxe2 Nh5 ({Black should try} 17... Nb5 $1 $11) 18. Bh2 $1 $14 Nb5 19. Nxb5 (19. Rc1 {with more complications.} Bh6 20. Nc4 Qg5 21. Rb1) 19... axb5 {[%emt 0:00:48] [#]} 20. g4 $146 ({Predecessor:} 20. Qb3 Qd7 21. a6 Ra8 22. a7 Be5 23. Bxe5 Rxe5 24. Ra5 Nf4 25. Re3 Rg5 26. g4 {0-1 (42) Pena Canapa,A (1829)-Palacio,E (1656) Montevideo 2019}) 20... Nf6 ({Don't take} 20... Bxb2 21. Rb1 Be5 22. gxh5 (22. Bxe5 Rxe5 23. gxh5 Rxh5 $16) 22... Qg5+ 23. Kh1 Bxh2 24. Kxh2 $16) 21. f4 (21. e5 $11 {remains equal.} dxe5 22. Rxe5) 21... Ra8 $17 22. Qe1 Rxa5 23. Rd1 c4 {[%emt 0:09:06] Black is more active.} 24. Kh1 (24. Bg3 $17 {was forced.}) 24... Nd7 $19 25. e5 Nc5 26. exd6 (26. e6 {might work better.}) 26... Rxe2 27. Qxe2 Qxd6 ({Not} 27... Bxb2 28. Bg1 Qxd6 29. Bxc5 Qxc5 30. Ne4 $17) 28. Ne4 Qe7 (28... Nxe4 $19 29. Qxe4 Bxb2) 29. d6 $17 {[%emt 0:05:41] [#]} Qxe4+ (29... Qe6 $1 $19 30. f5 Qxe4+ 31. Qxe4 Nxe4) 30. Qxe4 Nxe4 31. d7 Bf6 {[%emt 0:00:06] aiming for ...Nf2+.} 32. d8=Q+ Bxd8 33. Rxd8+ {[%emt 0:00:04][%mdl 4096] Endgame KRB-KRN} Kg7 34. g5 $2 (34. Bg1 $17) 34... f5 {[%emt 0:11:51] Threatens to win with ...Ra2.} 35. Rd7+ Kg8 {[%emt 0:01:30] ...Ra2 is the strong threat.} 36. Bg1 Ra2 37. Bd4 {[%emt 0:00:00] Against c3} Ra1+ $2 (37... b4 $19 {has better winning chances.} 38. Rg7+ Kf8 39. Rxb7 c3 40. bxc3 bxc3) 38. Kg2 {[%emt 0:00:00] [#]} Rd1 (38... b6 $1 $19 {White must now prevent ...b4.} 39. Rg7+ Kf8) 39. Kf3 $2 (39. Rg7+ $17 Kf8 40. Be5) 39... Rd3+ $19 40. Ke2 $2 (40. Kg2 b4 41. Rg7+ Kf8 42. Be5) 40... Ng3+ 41. Kf2 Nh5 {[%emt 0:00:03][%csl LRf4,LRh3] Against Rg7+.  Weighted Error Value: White=0.52/Black=0.22 (precise)} 0-1

[Event "Chhattisgarh Masters GM 2022"]
[Site "Chhattisgarh"]
[Date "2022.09.21"]
[Round "3.6"]
[White "Neverov, Valeriy"]
[Black "Mayank Chakraborty"]
[Result "1/2-1/2"]
[ECO "A25"]
[WhiteElo "2430"]
[BlackElo "2044"]
[Annotator "TA"]
[PlyCount "91"]
[EventDate "2022.09.19"]
[EventCountry "IND"]
[SourceTitle "playchess.com"]
[Source "ChessBase"]
[SourceQuality "1"]
[TimeControl "5400+30"]

1. c4 e5 2. Nc3 Nc6 3. g3 Nf6 4. Bg2 Bc5 5. e3 O-O 6. Nge2 d5 7. cxd5 Nb4 {[%emt 0:01:33] A25: English Opening vs King's Indian with ...Nc6 but without early d3.} 8. O-O Nbxd5 9. d4 exd4 10. exd4 Be7 11. Nf4 Nb6 12. h3 c6 13. Re1 {[%emt 0:02:34] [#]} Bf5 $146 ({Predecessor:} 13... Re8 14. Be3 Nc4 15. Qe2 Nxe3 16. fxe3 Bb4 17. Nd3 Bxc3 18. bxc3 Bf5 19. Ne5 Be4 20. Bxe4 Nxe4 {0-1 (70) Sourgkounis,A (1959)-Dijkhuis,T (2313) Paleochora 2015}) 14. g4 Bd7 15. d5 {[%emt 0:13:04] [#] aiming for d6.} Nfxd5 16. Nfxd5 (16. Ncxd5 {keeps more tension.} cxd5 17. Nxd5 Bc5 18. Be3) 16... cxd5 17. Nxd5 Nxd5 18. Qxd5 Bc6 19. Qxd8 Bxd8 20. Bxc6 bxc6 21. Be3 {[%emt 0:01:19] [#] Hoping for Bc5.} Bb6 {[%emt 0:01:37] Inhibits Bc5.} 22. Rac1 Rac8 23. Bxb6 axb6 $14 {[%emt 0:00:05][%mdl 4096] Endgame KRR-KRR} 24. Re7 c5 25. Rd1 Rc6 26. Kg2 h6 27. Rdd7 Rf6 28. Kg3 Ra8 29. Ra7 Rd8 30. Red7 {[%emt 0:00:29] Prevents Rd2.} Re8 31. Re7 {[%emt 0:00:35] Inhibits Re2.} Rd8 32. Rad7 {[%emt 0:00:26] Prevents Rd2.} Ra8 33. h4 g6 (33... Rxa2 $2 34. Re8+ Kh7 35. h5 $18) 34. Ra7 Rd8 35. Rad7 {[%emt 0:00:26] Prevents Rd2.} Ra8 36. Ra7 Rd8 37. Red7 {[%emt 0:00:28] Inhibits Rd2.} Re8 38. Rd3 Kg7 39. Rf3 Re2 40. b3 b5 (40... Rxf3+ $11 41. Kxf3 Rc2) 41. Ra5 (41. Rxf6 $16 Kxf6 42. Ra5) 41... Rb6 $11 {[%emt 0:00:00] The position is equal.} 42. Rc3 c4 43. bxc4 bxc4 44. Rxc4 Rbb2 45. Rf4 {[%emt 0:00:56] Black must now prevent Ra7.} Rxa2 46. Rxa2 {[%emt 0:00:17] Weighted Error Value: White=0.06 (flawless) /Black=0.06 (flawless)} 1/2-1/2

[Event "Chhattisgarh Masters GM 2022"]
[Site "Chhattisgarh"]
[Date "2022.09.21"]
[Round "3.6"]
[White "Aradhya, Garg"]
[Black "Mitrabha, Guha"]
[Result "1/2-1/2"]
[ECO "E90"]
[WhiteElo "2332"]
[BlackElo "2471"]
[Annotator "TA"]
[PlyCount "264"]
[EventDate "2022.09.19"]
[EventCountry "IND"]
[SourceTitle "playchess.com"]
[Source "ChessBase"]
[SourceQuality "1"]
[TimeControl "5400+30"]

1. c4 c5 2. Nf3 g6 3. d4 Bg7 4. d5 d6 5. e4 Nf6 6. Nc3 e6 7. dxe6 Bxe6 8. Bf4 Nc6 9. Qxd6 Qa5 10. Bd2 Rd8 11. Nb5 Qxb5 12. Qxd8+ Nxd8 13. cxb5 Nxe4 14. Bd3 Nxd2 15. Nxd2 Bxb2 16. Rb1 Bg7 17. Nc4 Bd5 18. O-O Ne6 19. b6 axb6 20. Rxb6 O-O 21. Ne3 Bxa2 22. Rxb7 Ra8 23. Rb6 Rd8 24. Bb1 Ra8 25. Be4 Ra4 26. Rb8+ Nf8 27. Bd5 Bxd5 28. Nxd5 Bd4 29. Nb6 Ra7 30. g3 Kg7 31. Kg2 Ra2 32. Nc4 Ne6 33. Rb7 Nd8 34. Rd7 Nc6 35. Rc7 Rc2 36. Na3 Ra2 37. Nb5 Ne5 38. Nxd4 cxd4 39. Rc5 Kf6 40. Rd1 d3 41. h3 h5 42. Kf1 h4 43. f4 Nf3 44. Rxd3 Nd2+ 45. Kg1 hxg3 46. Re5 g2 47. Rg5 Ne4 48. Rxg2 Ra1+ 49. Kh2 Rf1 50. Rg4 Nf2 51. Kg2 Nxd3 52. Kxf1 Kf5 53. Rg5+ Kxf4 54. Ra5 Ne5 55. Kf2 g5 56. Ra6 Kf5 57. Kg3 f6 58. Kf2 Ng6 59. Kf3 Ne5+ 60. Ke3 Kg6 61. Ke4 g4 62. h4 Nf3 63. Kf4 Nxh4 64. Ra5 Nf3 65. Kxg4 Ng5 66. Ra8 Ne6 67. Ra6 Ng7 68. Kf4 Nh5+ 69. Ke4 Ng7 70. Kd5 Nh5 71. Kd6 Ng7 72. Ke7 Nh5 73. Rb6 Kg5 74. Kf7 f5 75. Rb5 Kg4 76. Ke6 f4 77. Rb4 Ng3 78. Ke5 Nh5 79. Ke4 Nf6+ 80. Kd3 Kg3 81. Rb6 Ng4 82. Rb1 f3 83. Rb8 Kf4 84. Kd2 Kg3 85. Rg8 Kf4 86. Kd3 Ne5+ 87. Kd2 Ng4 88. Rg7 Kg3 89. Rf7 Kg2 90. Rf4 Kg3 91. Rf8 Kg2 92. Ke1 Kg3 93. Rg8 Kf4 94. Kf1 Kg3 95. Rf8 Nh2+ 96. Ke1 Ng4 97. Kd2 Kg2 98. Rf7 Kg3 99. Rh7 Kg2 100. Rf7 $1 Kg3 101. Rf5 Kg2 102. Rg5 Kg3 103. Ke1 Kf4 104. Rg8 Kg3 105. Kf1 Kf4 106. Ra8 Kg3 107. Ra3 Kf4 108. Rb3 Kg3 109. Rb2 Kf4 110. Rb8 Kg3 111. Rg8 Kf4 112. Ke1 Kg3 113. Kd2 Kf4 114. Kd3 Kg3 115. Rf8 Kg2 116. Kd2 Kg3 117. Rg8 Kf4 118. Kd3 Kg3 119. Rg7 Kf4 120. Rg8 $1 Kg3 121. Rf8 Kg2 122. Kd2 Kg3 123. Rh8 Kg2 124. Rf8 $1 Kg3 125. Rf5 Kg2 126. Rf4 Kg3 127. Rf8 Kg2 128. Ke1 Kg3 129. Kf1 Nh2+ 130. Kg1 Ng4 131. Rg8 Kf4 132. Rg7 Ke5 $2 (132... Nf2 $11) 1/2-1/2

[Event "Chhattisgarh Masters GM 2022"]
[Site "Chhattisgarh"]
[Date "2022.09.21"]
[Round "3.6"]
[White "Liyanage, Ranindu Dilshan"]
[Black "Manigandan, S S"]
[Result "0-1"]
[ECO "D00"]
[WhiteElo "2306"]
[BlackElo "2131"]
[Annotator "TA"]
[PlyCount "178"]
[EventDate "2022.09.19"]
[EventCountry "IND"]
[SourceTitle "playchess.com"]
[Source "ChessBase"]
[SourceQuality "1"]
[TimeControl "5400+30"]

1. d4 {[%emt 0:00:07] ChessBase II} e6 2. Nc3 d5 3. Bf4 Bd6 4. Bxd6 cxd6 5. e4 dxe4 6. Nxe4 {[%emt 0:00:29] D00: 1 d4 d5: Unusual lines.} Nf6 {[%emt 0:00:52] [#] Inhibits Qg4.} 7. Ng3 $146 ({Predecessor:} 7. Bb5+ Nc6 8. Nxf6+ Qxf6 9. Nf3 O-O 10. O-O Ne7 11. Re1 b6 12. Bd3 Bb7 13. Be4 Bxe4 14. Rxe4 {½-½ (53) Tregubov,P (2571)-Marcelin,C (2476) Montpellier 2015 CBM 166 Extra [ChessBase II]}) 7... Qb6 8. b3 {[%emt 0:04:28] Black is slightly better.} e5 9. Nf3 e4 {[%emt 0:20:11] Prevents Bd3.} 10. Nd2 d5 11. c4 Qxd4 12. cxd5 e3 (12... Nxd5 13. Bb5+ Nc6 14. Ndxe4 Qb4+ 15. Qd2 $11) (12... Qxd5 13. Ndxe4 Qa5+ 14. Qd2 Qxd2+ 15. Kxd2 $11) 13. fxe3 Qxe3+ 14. Be2 O-O $1 {[%emt 0:29:11] Black has more active pieces. The white rooks are badly placed.} (14... Nxd5 15. Nc4 Qe6 16. O-O $14) 15. Nc4 Qc5 16. Bf3 (16. Qd2 $15) 16... Re8+ $19 (16... b5 17. Nd2 $17) 17. Kf1 b5 $40 {[%emt 0:00:33][%cal Bb7b5,Bb5b4][%mdl 160] Black goes for the king.} 18. Na5 (18. d6 $2 bxc4 $1 19. b4 Qxb4 $19) (18. Nb2) 18... Qb4 19. h3 (19. Nc6 Nxc6 20. dxc6 Bg4 $19) 19... Qxa5 20. d6 {[%emt 0:00:05] [#]} Qb6 {[%emt 0:01:13][%cal Ob5b4] Inhibits Qd4.} 21. Bxa8 (21. Qd2 Nc6) 21... b4 22. Rc1 Ba6+ 23. Rc4 Nbd7 24. Bf3 Ne5 {[%emt 0:00:35][%mdl 64] Pin. Pair of Knights!} 25. Be2 Nxc4 26. bxc4 Qc5 {[%emt 0:00:50] ...h5 is the strong threat.} (26... Rd8 $2 27. Qe1 $19) 27. Bd3 $2 ({Of course not} 27. d7 Rd8 28. Qc1 Rxd7 $19) (27. Qd2) 27... Bxc4 28. Bxc4 Qxc4+ 29. Kg1 Rd8 30. Kh2 Qf4 {[%emt 0:00:21] Inhibits Qd2.} ({Avoid the trap} 30... Qxa2 $2 31. Qd4 $19) 31. Rf1 Qxd6 32. Qb3 a5 33. Rf3 h5 34. Qc4 Qd5 (34... g6 $142 {And now ...Kg7 would win.} 35. Rf1 Kg7) 35. Qc7 Qd6 $2 (35... Ne8 36. Qe7 Rc8) 36. Qc4 Qd4 37. Qc7 Rd5 38. Qc8+ Kh7 $1 ({Don't blunder} 38... Rd8 $2 39. Qc7 Qd6 40. Qxd6 Rxd6 41. Nf5 $19) 39. Qc2+ Kg8 {[%emt 0:00:23] aiming for ...Qe5.} 40. Qc8+ $1 Rd8 41. Qc7 g6 $1 42. Qxa5 h4 43. Nf1 Rd5 44. Qc7 Rd6 45. Qb7 (45. a3 $17 {was called for.}) 45... Kg7 {[%emt 0:00:00] The board is on fire.} 46. Qc7 Nd7 47. Qc1 Ne5 48. Rf4 Qc3 49. Qb1 Rd4 50. Rf2 Qc7 51. Kh1 Qd6 52. Qb3 Rd3 {[%emt 0:00:18] Prevents Qe3.} 53. Qb2 (53. Qa4) 53... Rd1 54. Kg1 f6 55. Qe2 Qd4 56. Kh2 Qd6 57. Kg1 $1 Qd4 {[%emt 0:00:36][%cal Od1f1] Inhibits Qe3.} 58. Kh2 $1 Rd3 {[%emt 0:00:27] Against Qe3} 59. Kg1 (59. Qc2 {keeps fighting.}) 59... Qd6 (59... g5 $142 60. Qb2 Rc3) 60. Qe4 Rd4 (60... Qc5 $142 61. Qf4 Qb6) 61. Qb7+ (61. Qe3 $142) 61... Nf7 62. Ne3 Rd3 63. Nf1 $2 (63. Qe4 $17) 63... Qd4 64. Qc7 (64. Qc8 $142) 64... Rd1 {[%emt 0:00:59][%cal Od1f1] ( -> ...Rxf1+!)} 65. Qc2 Nd6 {[%emt 0:00:37] Hoping for ...Ne4.} 66. Kh2 Qe5+ 67. Kg1 Qd4 (67... Ra1 $142 68. Qc7+ Kh6) 68. Kh2 $1 Nc4 $2 (68... Ne4 69. Rf4 Qd6 70. Qxd1 Qxd1 71. Rxe4 Qxf1 72. Rxb4 g5 73. Rb7+ Kg6) 69. Rf3 $2 (69. Qe2 Kf7 70. Qf3) 69... Ne5 70. Rf2 Nc4 71. Rf3 $1 Qe5+ 72. Kg1 Ne3 (72... Qc5+ $19 {is more deadly.} 73. Kh1 Qd5) 73. Qe2 $17 Rxf1+ 74. Rxf1 Nxf1 75. Qxf1 {[%emt 0:00:42][%mdl 4096] Endgame KQ-KQ} Qd4+ 76. Kh1 Kf7 77. Qb1 Qc3 78. Qd1 $2 (78. Qf1 $17) 78... g5 $19 {[%emt 0:01:15] Strongly threatening ...Ke6.} 79. Qd5+ Ke7 80. Qb7+ Kd6 81. Qb6+ $2 (81. Kh2 $17) 81... Kd5 {[%emt 0:00:08] Black is clearly winning.} 82. Qa6 Ke4 83. Qe2+ {[%emt 0:00:53] [#]} Kd4 $1 84. Qf2+ {[%emt 0:00:32] [#]} Kd3 $1 85. Kh2 Qe5+ (85... Qc7+ $142 86. Kg1 Qc1+ 87. Qf1+ Qxf1+ 88. Kxf1 Ke3) 86. Kh1 Qa1+ 87. Kh2 Qc3 {[%emt 0:00:22] White must now prevent ...Qc7+.} 88. Kh1 Qc1+ 89. Kh2 Qf4+ {[%emt 0:00:06] Weighted Error Value: White=0.36/Black=0.51} 0-1